Griffins vs Wolfpack
Created - Saturday, March 1, 2025 at 23:10
Goals
|
Griffins |
2 |
1 |
1 |
4 |
Wolfpack |
1 |
0 |
1 |
2 |
|
Shots
|
Griffins |
11 |
16 |
13 |
40 |
Wolfpack |
10 |
9 |
13 |
32 |
|
1st period
1. Griffins , Fyodor Svechkov 18 (Matt Donovan 31, Nicholas Robertson 45) at 1:04
2. Griffins , Joel L'Esperance 9 (Chase Priskie 21, Jack Finley 6) at 15:24
3. Wolfpack , Cole Schneider 13 (Will Butcher 31, John Leonard 21) at 19:54
Penalties :
Will Butcher (HAR) for Roughing (Minor) at 2:20, John Leonard (HAR) for Tripping (Minor) at 6:08, Drew Helleson (HAR) for High sticking (Minor) at 8:13, Marc McLaughlin (GRG) for Hooking (Minor) at 9:41, Will Butcher (HAR) for Slashing (Minor) at 17:27
2nd period
4. Griffins , Mikhail Abramov 27 (Artem Guryev 3, Brendan Warren 4) at 16:42
Penalties :
Mackenzie Entwistle (HAR) for Roughing (Minor) at 2:31, Drew Helleson (HAR) for High sticking (Minor) at 5:05, Justin Sourdif (GRG) for Hooking (Minor) at 16:49
3rd period
5. Griffins , Justin Sourdif 10 (Jack Finley 7, Joel L'Esperance 12) at 7:40
6. Wolfpack , Cole Schneider 14 (Charles Hudon 34, John Leonard 22) at 17:41
Penalties :
Bryce Kindopp (GRG) for Tripping (Minor) at 0:53, Jacob MacDonald (HAR) for Roughing (Minor) at 3:34, Vasili Ponomarev (HAR) for Tripping (Minor) at 8:41, Jake Livingstone (GRG) for Hooking (Minor) at 8:41, Vasili Ponomarev (HAR) for Tripping (Minor) at 12:30, Charles Hudon (HAR) for Hooking (Minor) at 14:59
Goalie Stats
Casey DeSmith (GRG), 30 saves from 32 shots - (0.938), W, 31-21-6, 60:00 minutes
Jesper Wallstedt (HAR), 36 saves from 40 shots - (0.900), L, 35-22-9, 60:00 minutes
Players Stats for Griffins
Player Name G A P +/- PIM S H SB GA TA FO MP PP MP PK MP
------------------------------------------------------------------------------------
Artem Guryev 0 1 1 0 0 0 1 1 0 0 0/0 15:12 0:38 0:31
Bobby Trivigno 0 0 0 0 0 0 0 0 0 0 0/0 0:00 0:00 0:00
Brendan Warren 0 1 1 0 0 1 2 0 0 0 0/1 14:18 0:19 0:23
Bryce Kindopp 0 0 0 0 2 2 0 0 0 0 0/0 15:02 1:27 0:00
Chase Priskie 0 1 1 2 0 0 1 0 0 0 0/0 22:52 9:09 2:39
Eemil Viro 0 0 0 0 0 1 2 3 0 0 0/0 17:15 2:43 0:34
Fyodor Svechkov 1 0 1 1 0 4 2 0 0 0 4/8 19:49 9:02 2:41
Hendrix Lapierre 0 0 0 0 0 0 0 0 0 0 0/0 0:25 0:22 0:03
Jack Finley 0 2 2 1 0 7 1 0 0 0 18/24 19:55 6:41 1:03
Jacob Peterson 0 0 0 1 0 1 1 1 0 0 12/23 23:01 9:02 3:11
Jake Livingstone 0 0 0 0 2 3 5 2 0 0 0/0 20:28 7:07 2:13
Joel L'Esperance 1 1 2 1 0 2 1 1 0 0 0/1 11:52 0:00 0:00
John Ludvig 0 0 0 2 0 5 5 1 0 0 0/0 22:38 8:19 2:42
Justin Sourdif 1 0 1 1 2 4 1 0 0 0 5/7 21:30 7:03 0:13
Marc McLaughlin 0 0 0 -1 2 0 0 0 0 0 2/2 4:40 2:52 0:00
Matt Donovan 0 1 1 0 0 3 3 2 0 0 0/0 21:04 6:44 2:13
Mikhail Abramov 1 0 1 1 0 5 0 0 0 0 6/15 21:30 6:52 1:39
Nicholas Robertson 0 1 1 1 0 2 0 1 0 0 0/1 20:29 8:19 1:39
Players Stats for Wolfpack
Player Name G A P +/- PIM S H SB GA TA FO MP PP MP PK MP
------------------------------------------------------------------------------------
Charles Hudon 0 1 1 2 2 2 2 0 0 0 12/19 15:15 0:00 0:00
Cole Schneider 2 0 2 2 0 8 1 0 0 0 1/1 15:41 0:00 0:25
Colton White 0 0 0 1 0 1 1 0 0 0 0/0 18:18 0:17 5:14
Dillon Heatherington 0 0 0 -2 0 1 2 4 0 0 0/0 21:52 2:32 8:12
Drake Caggiula 0 0 0 -2 0 1 1 0 0 0 5/18 20:46 2:29 9:56
Drew Helleson 0 0 0 2 4 2 3 1 0 0 0/0 15:23 0:33 0:53
Emil Bemstrom 0 0 0 -2 0 1 1 0 0 0 3/7 20:57 3:07 5:24
Gage Quinney 0 0 0 0 0 0 0 1 0 0 0/0 2:27 0:00 2:27
Jacob MacDonald 0 0 0 -2 2 1 4 0 0 0 0/0 21:54 2:37 6:27
John Leonard 0 2 2 2 2 3 1 0 0 0 0/1 15:23 0:00 0:08
Josh Mahura 0 0 0 -2 0 3 0 4 0 0 0/0 22:44 2:37 8:00
Mackenzie Entwistle 0 0 0 -2 2 1 0 0 0 0 2/3 15:42 2:19 4:52
Matthew Phillips 0 0 0 0 0 0 0 0 0 0 0/0 0:00 0:00 0:00
Mavrik Bourque 0 0 0 -1 0 2 2 0 0 0 5/12 24:28 2:19 9:29
Nicolas Deslauriers 0 0 0 -2 0 2 1 0 0 0 0/0 10:06 2:19 0:00
Tyler Madden 0 0 0 -1 0 1 0 0 0 0 0/1 2:35 0:38 0:00
Vasili Ponomarev 0 0 0 -2 4 0 0 0 0 0 7/20 16:53 3:07 2:07
Will Butcher 0 1 1 -1 4 3 1 1 0 0 0/0 19:36 2:16 5:46
3 Stars
1 - Cole Schneider (HAR)
2 - Joel L'Esperance (GRG)
3 - Fyodor Svechkov (GRG)
Power Play
Griffins - 0 on 9 Attempt(s) - 0.00%
Wolfpack - 0 on 3 Attempt(s) - 0.00%
Penalty Kill
Griffins - 3 on 3 Attempt(s) - 100.00%
- Score 0 goal in Penalty Kill
Wolfpack - 9 on 9 Attempt(s) - 100.00%
- Score 0 goal in Penalty Kill
Team Stat
Griffins - Hits : 25 - Faceoff Wins : 47 - Blocked Shots : 12 - Penalty Minutes : 8
Wolfpack - Hits : 20 - Faceoff Wins : 35 - Blocked Shots : 11 - Penalty Minutes : 20
Official
Referees : Chris Rooney and Beaudry Halkidis
Linesman : Tommy Hughes and Brad Kovachik
Game Notes
No Game Note
Finance
Level 1 -- Attendance: 1737 (86.85%) -- Ticket Income $60,795
Level 2 -- Attendance: 910 (91.00%) -- Ticket Income $13,650
Total Attendance: 2647 (88.23%)
Total Ticket Income: $74,445
Other Income: $36,478
Total Income: $110,923
Griffins
5 vs 5 Forward
Center Left Wing Right Wing Time % Phy DF OF
1 Jack Finley Joel L'Esperance Justin Sourdif 25 1 2 2
2 Jacob Peterson Fyodor Svechkov Nicholas Robertson 25 1 2 2
3 Mikhail Abramov Brendan Warren Bryce Kindopp 25 1 2 2
4 Justin Sourdif Jacob Peterson Nicholas Robertson 25 1 2 2
5 vs 5 Defense
Defense Defense Time % Phy DF OF
1 John Ludvig Chase Priskie 25 1 2 2
2 Matt Donovan Jake Livingstone 25 1 2 2
3 Artem Guryev Eemil Viro 25 1 2 2
4 John Ludvig Chase Priskie 25 1 2 2
PowerPlay Forward
Center Left Wing Right Wing Time % Phy DF OF
1 Jack Finley Mikhail Abramov Justin Sourdif 60 1 2 2
2 Jacob Peterson Fyodor Svechkov Nicholas Robertson 40 1 2 2
PowerPlay Defense
Defense Defense Time % Phy DF OF
1 John Ludvig Chase Priskie 60 1 2 2
2 Matt Donovan Jake Livingstone 40 1 2 2
Penalty Kill 4 Players Forward
Center Wing Time % Phy DF OF
1 Fyodor Svechkov Jacob Peterson 60 1 2 2
2 Mikhail Abramov Nicholas Robertson 40 1 2 2
Penalty Kill 4 Players Defense
Defense Defense Time % Phy DF OF
1 John Ludvig Chase Priskie 60 1 2 2
2 Matt Donovan Jake Livingstone 40 1 2 2
Penalty Kill - 3 Players Forward
Forward Time % Phy DF OF
1 Fyodor Svechkov 60 1 2 2
2 Nicholas Robertson 40 1 2 2
Penalty Kill - 3 Players Defense
Defense Defense Time % Phy DF OF
1 John Ludvig Chase Priskie 60 1 2 2
2 Matt Donovan Jake Livingstone 40 1 2 2
4 vs 4 Forward
Center Wing Time % Phy DF OF
1 Fyodor Svechkov Jacob Peterson 60 1 2 2
2 Justin Sourdif Nicholas Robertson 40 1 2 2
4 vs 4 Defense
Defense Defense Time % Phy DF OF
1 John Ludvig Chase Priskie 60 1 2 2
2 Matt Donovan Jake Livingstone 40 1 2 2
Last Minutes Offensive
Center Left Wing Right Wing Defense Defense
Jack Finley Jacob Peterson Nicholas Robertson John Ludvig Chase Priskie
Last Minutes Defensive
Center Left Wing Right Wing Defense Defense
Jack Finley Jacob Peterson Nicholas Robertson John Ludvig Chase Priskie
Goaltenders
Starting : Casey DeSmith
Backup : Farm Goalie 22
Extra Forwards
Normal : Marc McLaughlin, Mikhail Abramov, Justin Sourdif - PP : Marc McLaughlin, Mikhail Abramov - PK : Justin Sourdif
Extra Defensemen
Normal : John Ludvig, Eemil Viro, Matt Donovan - PP : Chase Priskie - PK : Eemil Viro, Matt Donovan
Penalty Shots
Mikhail Abramov, Fyodor Svechkov, Justin Sourdif, Nicholas Robertson, Jacob Peterson
Custom OT Lines Forwards
Joel L'Esperance, Brendan Warren, Jack Finley, Nicholas Robertson, Jacob Peterson, Fyodor Svechkov, Mikhail Abramov, Justin Sourdif, Marc McLaughlin, Bryce Kindopp
Custom OT Lines Defensemen
John Ludvig, Chase Priskie, Matt Donovan, Jake Livingstone, Eemil Viro
Scratches
Dennis Cesana (Healthy), Lukas Svejkovsky (Healthy), Brady Lyle (Back Injury), Keean Washkurak (Healthy), FarmGoal4 (Healthy)
Wolfpack
5 vs 5 Forward
Center Left Wing Right Wing Time % Phy DF OF
1 Vasili Ponomarev Emil Bemstrom Drake Caggiula 25 1 2 2
2 Mavrik Bourque Mackenzie Entwistle Nicolas Deslauriers 25 1 2 2
3 Charles Hudon Cole Schneider John Leonard 25 1 2 2
4 Vasili Ponomarev Mavrik Bourque Emil Bemstrom 25 1 2 2
5 vs 5 Defense
Defense Defense Time % Phy DF OF
1 Josh Mahura Jacob MacDonald 25 1 2 2
2 Will Butcher Dillon Heatherington 25 1 2 2
3 Drew Helleson Colton White 25 1 2 2
4 Josh Mahura Jacob MacDonald 25 1 2 2
PowerPlay Forward
Center Left Wing Right Wing Time % Phy DF OF
1 Vasili Ponomarev Emil Bemstrom Drake Caggiula 60 1 2 2
2 Mavrik Bourque Mackenzie Entwistle Nicolas Deslauriers 40 1 2 2
PowerPlay Defense
Defense Defense Time % Phy DF OF
1 Josh Mahura Jacob MacDonald 60 1 2 2
2 Will Butcher Dillon Heatherington 40 1 2 2
Penalty Kill 4 Players Forward
Center Wing Time % Phy DF OF
1 Drake Caggiula Mavrik Bourque 60 1 2 2
2 Emil Bemstrom Mackenzie Entwistle 40 1 2 2
Penalty Kill 4 Players Defense
Defense Defense Time % Phy DF OF
1 Josh Mahura Jacob MacDonald 60 1 2 2
2 Will Butcher Dillon Heatherington 40 1 2 2
Penalty Kill - 3 Players Forward
Forward Time % Phy DF OF
1 Emil Bemstrom 60 1 2 2
2 Mavrik Bourque 40 1 2 2
Penalty Kill - 3 Players Defense
Defense Defense Time % Phy DF OF
1 Josh Mahura Jacob MacDonald 60 1 2 2
2 Will Butcher Dillon Heatherington 40 1 2 2
4 vs 4 Forward
Center Wing Time % Phy DF OF
1 Drake Caggiula Mavrik Bourque 60 1 2 2
2 Emil Bemstrom Mackenzie Entwistle 40 1 2 2
4 vs 4 Defense
Defense Defense Time % Phy DF OF
1 Josh Mahura Jacob MacDonald 60 1 2 2
2 Will Butcher Dillon Heatherington 40 1 2 2
Last Minutes Offensive
Center Left Wing Right Wing Defense Defense
Mavrik Bourque Emil Bemstrom Drake Caggiula Josh Mahura Jacob MacDonald
Last Minutes Defensive
Center Left Wing Right Wing Defense Defense
Mavrik Bourque Emil Bemstrom Drake Caggiula Josh Mahura Jacob MacDonald
Goaltenders
Starting : Jesper Wallstedt
Backup : Cal Petersen
Extra Forwards
Normal : Tyler Madden, Charles Hudon, Vasili Ponomarev - PP : Tyler Madden, Charles Hudon - PK : Vasili Ponomarev
Extra Defensemen
Normal : Drew Helleson, Colton White, Will Butcher - PP : Drew Helleson - PK : Colton White, Will Butcher
Penalty Shots
Charles Hudon, Mavrik Bourque, Emil Bemstrom, Mackenzie Entwistle, Drake Caggiula
Custom OT Lines Forwards
Tyler Madden, Mavrik Bourque, Emil Bemstrom, Mackenzie Entwistle, Drake Caggiula, Nicolas Deslauriers, Charles Hudon, Vasili Ponomarev, John Leonard, Cole Schneider
Custom OT Lines Defensemen
Josh Mahura, Jacob MacDonald, Will Butcher, Dillon Heatherington, Drew Helleson
Scratches
Wade Allison (Healthy), Connor Zary (Exhaustion), Skyler Brind'Amour (Healthy), Montana Onyebuchi (Healthy), Matt Filipe (Healthy)
Dave Gust (Healthy), Marco Scandella (Broken Bone (Left Foot) Injury), Matt Kiersted (Healthy), Zach Sawchenko (Healthy)
% Time on Ice - Griffins
Lines # - Real PCT - Wanted PCT - Time Play
Normal Forward
1 - 34% - 25% - 11:52
2 - 19% - 25% - 6:46
3 - 39% - 25% - 13:36
4 - 7% - 25% - 2:30
Normal Defense
1 - 16% - 25% - 5:40
2 - 31% - 25% - 10:38
3 - 40% - 25% - 13:51
4 - 13% - 25% - 4:35
PP Forward
1 - 46% - 60% - 7:59
2 - 54% - 40% - 9:21
PP Defense
1 - 53% - 60% - 9:09
2 - 47% - 40% - 8:11
PK Forward
1 - 70% - 60% - 3:47
2 - 30% - 40% - 1:39
PK Defense
1 - 50% - 60% - 2:42
2 - 50% - 40% - 2:44
PK3 Forward
1 - 0% - 60%
2 - 0% - 40%
PK3 Defense
1 - 0% - 60%
2 - 0% - 40%
44 Forward
1 - 61% - 60% - 1:32
2 - 39% - 40% - 0:58
44 Defense
1 - 33% - 60% - 0:49
2 - 67% - 40% - 1:41
Last Minute Offensive - 0:00
Last Minute Defensive - 0:00
Total
Forward - 60:00
Defense - 60:00
|
% Time on Ice - Wolfpack
Lines # - Real PCT - Wanted PCT - Time Play
Normal Forward
1 - 22% - 25% - 7:45
2 - 22% - 25% - 7:47
3 - 44% - 25% - 15:16
4 - 11% - 25% - 3:56
Normal Defense
1 - 17% - 25% - 5:44
2 - 29% - 25% - 10:08
3 - 37% - 25% - 12:47
4 - 18% - 25% - 6:05
PP Forward
1 - 57% - 60% - 3:07
2 - 43% - 40% - 2:19
PP Defense
1 - 53% - 60% - 2:54
2 - 47% - 40% - 2:32
PK Forward
1 - 66% - 60% - 11:31
2 - 34% - 40% - 5:49
PK Defense
1 - 51% - 60% - 8:46
2 - 49% - 40% - 8:34
PK3 Forward
1 - 0% - 60%
2 - 0% - 40%
PK3 Defense
1 - 0% - 60%
2 - 0% - 40%
44 Forward
1 - 70% - 60% - 1:45
2 - 30% - 40% - 0:45
44 Defense
1 - 41% - 60% - 1:02
2 - 59% - 40% - 1:28
Last Minute Offensive - 0:00
Last Minute Defensive - 0:00
Total
Forward - 60:00
Defense - 60:00
|
Play-by-Play
1st period
0:01 of 1st period - Jack Finley wins face-off versus Vasili Ponomarev in neutral zone.
1:00 of 1st period - Shot by Fyodor Svechkov.
1:00 of 1st period - Shot Blocked by Josh Mahura.
1:02 of 1st period - Shot by Matt Donovan.
1:02 of 1st period - Stopped by Jesper Wallstedt with a rebound.
1:04 of 1st period - Shot by Fyodor Svechkov.
1:04 of 1st period - Goal by Fyodor Svechkov - Griffins : 1 - Wolfpack : 0.
1:05 of 1st period - Mikhail Abramov wins face-off versus Mavrik Bourque in neutral zone.
1:11 of 1st period - Icing by Eemil Viro.
1:12 of 1st period - Charles Hudon wins face-off versus Mikhail Abramov in Griffins zone.
2:18 of 1st period - Artem Guryev is hit by Will Butcher and loses puck.
2:20 of 1st period - Minor Penalty to Will Butcher for Roughing.
2:21 of 1st period - Jacob Peterson wins face-off versus Drake Caggiula in Wolfpack zone.
2:38 of 1st period - Shot by Jacob Peterson.
2:38 of 1st period - Shot Misses the Net.
2:48 of 1st period - Shot by Fyodor Svechkov.
2:48 of 1st period - Shot Hit the Post.
3:30 of 1st period - Shot by Marc McLaughlin.
3:30 of 1st period - Shot Blocked by Drew Helleson.
3:32 of 1st period - Shot by Jack Finley.
3:32 of 1st period - Shot Blocked by Dillon Heatherington.
3:34 of 1st period - Shot by Jack Finley.
3:34 of 1st period - Shot Misses the Net.
3:36 of 1st period - Shot by Matt Donovan.
3:36 of 1st period - Stopped by Jesper Wallstedt without a rebound.
3:37 of 1st period - Jack Finley wins face-off versus Emil Bemstrom in Wolfpack zone.
3:38 of 1st period - Shot by Mikhail Abramov.
3:38 of 1st period - Stopped by Jesper Wallstedt without a rebound.
3:39 of 1st period - Jack Finley wins face-off versus Emil Bemstrom in Wolfpack zone.
3:42 of 1st period - Shot by Justin Sourdif.
3:42 of 1st period - Stopped by Jesper Wallstedt without a rebound.
3:43 of 1st period - Jack Finley wins face-off versus Emil Bemstrom in Wolfpack zone.
3:52 of 1st period - Shot by Justin Sourdif.
3:52 of 1st period - Stopped by Jesper Wallstedt without a rebound.
3:53 of 1st period - Drake Caggiula wins face-off versus Nicholas Robertson in Wolfpack zone.
4:26 of 1st period - Cole Schneider is hit by Matt Donovan and loses puck.
4:58 of 1st period - John Leonard is hit by Jake Livingstone and loses puck.
5:11 of 1st period - Icing by Emil Bemstrom.
5:12 of 1st period - Mikhail Abramov wins face-off versus Vasili Ponomarev in Wolfpack zone.
5:12 of 1st period - Brendan Warren is hit by Jacob MacDonald.
5:25 of 1st period - Josh Mahura is hit by John Ludvig and loses puck.
5:31 of 1st period - Mikhail Abramov is hit by Jacob MacDonald and loses puck.
5:38 of 1st period - Shot by Mikhail Abramov.
5:38 of 1st period - Stopped by Jesper Wallstedt without a rebound.
5:39 of 1st period - Mavrik Bourque wins face-off versus Jacob Peterson in Wolfpack zone.
5:59 of 1st period - Shot by Mackenzie Entwistle.
5:59 of 1st period - Shot Misses the Net.
6:04 of 1st period - Mavrik Bourque is hit by Eemil Viro and loses puck.
6:07 of 1st period - Shot by Nicolas Deslauriers.
6:07 of 1st period - Stopped by Casey DeSmith without a rebound.
6:08 of 1st period - Mikhail Abramov wins face-off versus Charles Hudon in Griffins zone.
6:08 of 1st period - Minor Penalty to John Leonard for Tripping.
6:09 of 1st period - Jack Finley wins face-off versus Drake Caggiula in Wolfpack zone.
6:14 of 1st period - Shot by John Ludvig.
6:14 of 1st period - Stopped by Jesper Wallstedt with a rebound.
7:01 of 1st period - Emil Bemstrom is hit by Jake Livingstone and loses puck.
8:13 of 1st period - Minor Penalty to Drew Helleson for High sticking.
8:14 of 1st period - Emil Bemstrom wins face-off versus Jacob Peterson in Wolfpack zone.
8:35 of 1st period - Shot by Mavrik Bourque.
8:35 of 1st period - Deflect By Drake Caggiula.
8:35 of 1st period - Shot Misses the Net.
9:41 of 1st period - Minor Penalty to Marc McLaughlin for Hooking.
9:42 of 1st period - Drake Caggiula wins face-off versus Jacob Peterson in Griffins zone.
9:42 of 1st period - Drake Caggiula is hit by Matt Donovan.
10:17 of 1st period - Icing by Jacob MacDonald.
10:18 of 1st period - Jack Finley wins face-off versus Vasili Ponomarev in Wolfpack zone.
10:26 of 1st period - Icing by Josh Mahura.
10:27 of 1st period - Vasili Ponomarev wins face-off versus Jack Finley in Wolfpack zone.
11:02 of 1st period - Fyodor Svechkov is hit by Nicolas Deslauriers and loses puck.
11:15 of 1st period - Shot by Mavrik Bourque.
11:15 of 1st period - Shot Misses the Net.
11:29 of 1st period - Shot by Drake Caggiula.
11:29 of 1st period - Shot Misses the Net.
11:31 of 1st period - Shot by Will Butcher.
11:31 of 1st period - Shot Blocked by Eemil Viro.
11:33 of 1st period - Shot by Emil Bemstrom.
11:33 of 1st period - Shot Misses the Net.
11:35 of 1st period - Shot by Drake Caggiula.
11:35 of 1st period - Shot Misses the Net.
11:37 of 1st period - Shot by Vasili Ponomarev.
11:37 of 1st period - Shot Blocked by Jacob Peterson.
11:53 of 1st period - Shot by John Leonard.
11:53 of 1st period - Deflect By Charles Hudon.
11:53 of 1st period - Shot Blocked by Jake Livingstone.
11:55 of 1st period - Shot by Colton White.
11:55 of 1st period - Stopped by Casey DeSmith with a rebound.
11:57 of 1st period - Shot by Drew Helleson.
11:57 of 1st period - Stopped by Casey DeSmith with a rebound.
12:06 of 1st period - Shot by John Leonard.
12:06 of 1st period - Shot Misses the Net.
12:29 of 1st period - Josh Mahura is hit by Joel L'Esperance and loses puck.
12:36 of 1st period - Shot by Justin Sourdif.
12:36 of 1st period - Stopped by Jesper Wallstedt without a rebound.
12:37 of 1st period - Jacob Peterson wins face-off versus Drake Caggiula in Wolfpack zone.
13:22 of 1st period - Shot by John Leonard.
13:22 of 1st period - Shot Misses the Net.
13:35 of 1st period - Shot by Cole Schneider.
13:35 of 1st period - Stopped by Casey DeSmith without a rebound.
13:36 of 1st period - Jack Finley wins face-off versus Mavrik Bourque in Griffins zone.
13:50 of 1st period - Icing by John Ludvig.
13:51 of 1st period - Justin Sourdif wins face-off versus Charles Hudon in Griffins zone.
14:12 of 1st period - Shot by Charles Hudon.
14:12 of 1st period - Shot Misses the Net.
14:14 of 1st period - Shot by Josh Mahura.
14:14 of 1st period - Stopped by Casey DeSmith without a rebound.
14:15 of 1st period - Mavrik Bourque wins face-off versus Mikhail Abramov in Griffins zone.
14:49 of 1st period - Shot by Mavrik Bourque.
14:49 of 1st period - Shot Blocked by Jake Livingstone.
15:22 of 1st period - Shot by Chase Priskie.
15:22 of 1st period - Shot Misses the Net.
15:24 of 1st period - Shot by Joel L'Esperance.
15:24 of 1st period - Goal by Joel L'Esperance - Griffins : 2 - Wolfpack : 0.
15:25 of 1st period - Charles Hudon wins face-off versus Jacob Peterson in neutral zone.
15:30 of 1st period - Shot by Charles Hudon.
15:30 of 1st period - Stopped by Casey DeSmith with a rebound.
15:32 of 1st period - Shot by Josh Mahura.
15:32 of 1st period - Shot Misses the Net.
15:34 of 1st period - Shot by Josh Mahura.
15:34 of 1st period - Shot Misses the Net.
15:36 of 1st period - Shot by Josh Mahura.
15:36 of 1st period - Stopped by Casey DeSmith without a rebound.
15:37 of 1st period - Charles Hudon wins face-off versus Justin Sourdif in Griffins zone.
15:48 of 1st period - Shot by Jack Finley.
15:48 of 1st period - Stopped by Jesper Wallstedt without a rebound.
15:49 of 1st period - Fyodor Svechkov wins face-off versus Vasili Ponomarev in Wolfpack zone.
15:56 of 1st period - Mavrik Bourque is hit by Eemil Viro and loses puck.
16:10 of 1st period - Shot by Vasili Ponomarev.
16:10 of 1st period - Shot Blocked by Eemil Viro.
16:12 of 1st period - Shot by Vasili Ponomarev.
16:12 of 1st period - Deflect By Emil Bemstrom.
16:12 of 1st period - Shot Blocked by Artem Guryev.
16:24 of 1st period - Shot by Mavrik Bourque.
16:24 of 1st period - Stopped by Casey DeSmith without a rebound.
16:25 of 1st period - Charles Hudon wins face-off versus Joel L'Esperance in Griffins zone.
16:25 of 1st period - Josh Mahura is hit by Chase Priskie and loses puck.
16:55 of 1st period - Icing by John Leonard.
16:56 of 1st period - Charles Hudon wins face-off versus Mikhail Abramov in Wolfpack zone.
17:27 of 1st period - Minor Penalty to Will Butcher for Slashing.
17:28 of 1st period - Jacob Peterson wins face-off versus Drake Caggiula in Wolfpack zone.
18:38 of 1st period - Mikhail Abramov is hit by Mavrik Bourque and loses puck.
19:42 of 1st period - Shot by John Leonard.
19:42 of 1st period - Stopped by Casey DeSmith with a rebound.
19:54 of 1st period - Shot by Cole Schneider.
19:54 of 1st period - Goal by Cole Schneider - Griffins : 2 - Wolfpack : 1.
19:55 of 1st period - Charles Hudon wins face-off versus Jack Finley in neutral zone.
Goals for this period are 2 for Griffins vs 1 for Wolfpack.
Shots for this period are 11 for Griffins vs 10 for Wolfpack.
2nd period
0:01 of 2nd period - Justin Sourdif wins face-off versus Vasili Ponomarev in neutral zone.
0:03 of 2nd period - John Ludvig is hit by Jacob MacDonald and loses puck.
0:56 of 2nd period - Shot by Cole Schneider.
0:56 of 2nd period - Stopped by Casey DeSmith without a rebound.
0:57 of 2nd period - Mavrik Bourque wins face-off versus Brendan Warren in Griffins zone.
1:12 of 2nd period - Shot by Brendan Warren.
1:12 of 2nd period - Shot Misses the Net.
1:16 of 2nd period - Shot by Bryce Kindopp.
1:16 of 2nd period - Stopped by Jesper Wallstedt without a rebound.
1:17 of 2nd period - Cole Schneider wins face-off versus Jack Finley in Wolfpack zone.
1:50 of 2nd period - Shot by Drew Helleson.
1:50 of 2nd period - Deflect By Cole Schneider.
1:50 of 2nd period - Stopped by Casey DeSmith without a rebound.
1:51 of 2nd period - Vasili Ponomarev wins face-off versus Mikhail Abramov in Griffins zone.
1:51 of 2nd period - Jacob MacDonald is hit by Matt Donovan and loses puck.
1:57 of 2nd period - Emil Bemstrom is hit by Jake Livingstone and loses puck.
2:02 of 2nd period - Shot by Vasili Ponomarev.
2:02 of 2nd period - Shot Misses the Net.
2:20 of 2nd period - Shot by Drake Caggiula.
2:20 of 2nd period - Deflect By Emil Bemstrom.
2:20 of 2nd period - Stopped by Casey DeSmith with a rebound.
2:31 of 2nd period - Minor Penalty to Mackenzie Entwistle for Roughing.
2:32 of 2nd period - Jacob Peterson wins face-off versus Drake Caggiula in Wolfpack zone.
2:33 of 2nd period - Shot by Fyodor Svechkov.
2:33 of 2nd period - Deflect By Nicholas Robertson.
2:33 of 2nd period - Shot Misses the Net.
3:04 of 2nd period - Jacob Peterson is hit by Dillon Heatherington and loses puck.
3:33 of 2nd period - Jack Finley is hit by Emil Bemstrom and loses puck.
4:33 of 2nd period - Shot by Jack Finley.
4:33 of 2nd period - Stopped by Jesper Wallstedt without a rebound.
4:34 of 2nd period - Mikhail Abramov wins face-off versus John Leonard in Wolfpack zone.
4:43 of 2nd period - Shot by Eemil Viro.
4:43 of 2nd period - Stopped by Jesper Wallstedt without a rebound.
4:44 of 2nd period - Jack Finley wins face-off versus Mavrik Bourque in Wolfpack zone.
4:44 of 2nd period - Joel L'Esperance is hit by Drew Helleson and loses puck.
4:54 of 2nd period - Justin Sourdif is hit by Drew Helleson and loses puck.
5:05 of 2nd period - Minor Penalty to Drew Helleson for High sticking.
5:06 of 2nd period - Jacob Peterson wins face-off versus Drake Caggiula in Wolfpack zone.
5:21 of 2nd period - Shot by Matt Donovan.
5:21 of 2nd period - Shot Misses the Net.
5:23 of 2nd period - Shot by Jake Livingstone.
5:23 of 2nd period - Stopped by Jesper Wallstedt without a rebound.
5:24 of 2nd period - Jack Finley wins face-off versus Emil Bemstrom in Wolfpack zone.
5:33 of 2nd period - Shot by John Ludvig.
5:33 of 2nd period - Shot Misses the Net.
5:35 of 2nd period - Shot by Jack Finley.
5:35 of 2nd period - Shot Misses the Net.
5:37 of 2nd period - Shot by Mikhail Abramov.
5:37 of 2nd period - Stopped by Jesper Wallstedt without a rebound.
5:38 of 2nd period - Justin Sourdif wins face-off versus Drake Caggiula in Wolfpack zone.
5:53 of 2nd period - Shot by Matt Donovan.
5:53 of 2nd period - Stopped by Jesper Wallstedt with a rebound.
6:32 of 2nd period - Shot by Chase Priskie.
6:32 of 2nd period - Shot Blocked by Josh Mahura.
6:34 of 2nd period - Shot by Fyodor Svechkov.
6:34 of 2nd period - Stopped by Jesper Wallstedt without a rebound.
6:35 of 2nd period - Drake Caggiula wins face-off versus Jacob Peterson in Wolfpack zone.
6:46 of 2nd period - Shot by Jacob Peterson.
6:46 of 2nd period - Shot Blocked by Will Butcher.
6:48 of 2nd period - Shot by Fyodor Svechkov.
6:48 of 2nd period - Stopped by Jesper Wallstedt without a rebound.
6:49 of 2nd period - Drake Caggiula wins face-off versus Jack Finley in Wolfpack zone.
7:02 of 2nd period - Mavrik Bourque is hit by Jack Finley and loses puck.
7:31 of 2nd period - Shot by John Leonard.
7:31 of 2nd period - Shot Misses the Net.
7:37 of 2nd period - Shot by Cole Schneider.
7:37 of 2nd period - Stopped by Casey DeSmith with a rebound.
7:39 of 2nd period - Shot by Cole Schneider.
7:39 of 2nd period - Stopped by Casey DeSmith with a rebound.
7:43 of 2nd period - Shot by John Leonard.
7:43 of 2nd period - Shot Misses the Net.
7:53 of 2nd period - Shot by Drake Caggiula.
7:53 of 2nd period - Shot Misses the Net.
7:55 of 2nd period - Shot by Dillon Heatherington.
7:55 of 2nd period - Stopped by Casey DeSmith with a rebound.
7:57 of 2nd period - Shot by Dillon Heatherington.
7:57 of 2nd period - Shot Misses the Net.
8:20 of 2nd period - Icing by Will Butcher.
8:21 of 2nd period - Vasili Ponomarev wins face-off versus Jacob Peterson in Wolfpack zone.
8:28 of 2nd period - Shot by Vasili Ponomarev.
8:28 of 2nd period - Shot Misses the Net.
8:30 of 2nd period - Shot by Emil Bemstrom.
8:30 of 2nd period - Shot Misses the Net.
8:58 of 2nd period - Shot by Mackenzie Entwistle.
8:58 of 2nd period - Shot Misses the Net.
9:00 of 2nd period - Shot by Josh Mahura.
9:00 of 2nd period - Stopped by Casey DeSmith without a rebound.
9:01 of 2nd period - Jack Finley wins face-off versus Charles Hudon in Griffins zone.
9:01 of 2nd period - Matt Donovan is hit by Charles Hudon and loses puck.
9:24 of 2nd period - Shot by Joel L'Esperance.
9:24 of 2nd period - Deflect By Jack Finley.
9:24 of 2nd period - Stopped by Jesper Wallstedt without a rebound.
9:25 of 2nd period - Justin Sourdif wins face-off versus Mavrik Bourque in Wolfpack zone.
9:30 of 2nd period - Shot by Nicholas Robertson.
9:30 of 2nd period - Shot Blocked by Josh Mahura.
9:39 of 2nd period - Mavrik Bourque is hit by Justin Sourdif and loses puck.
9:43 of 2nd period - Josh Mahura is hit by John Ludvig and loses puck.
9:49 of 2nd period - Mavrik Bourque is hit by John Ludvig and loses puck.
10:20 of 2nd period - Shot by Vasili Ponomarev.
10:20 of 2nd period - Shot Blocked by John Ludvig.
10:22 of 2nd period - Shot by Will Butcher.
10:22 of 2nd period - Stopped by Casey DeSmith without a rebound.
10:23 of 2nd period - Charles Hudon wins face-off versus Mikhail Abramov in Griffins zone.
10:24 of 2nd period - Shot by John Leonard.
10:24 of 2nd period - Shot Misses the Net.
11:07 of 2nd period - Off-side.
11:08 of 2nd period - Jack Finley wins face-off versus Vasili Ponomarev in neutral zone.
11:23 of 2nd period - Shot by Jack Finley.
11:23 of 2nd period - Shot Blocked by Dillon Heatherington.
11:25 of 2nd period - Shot by Jack Finley.
11:25 of 2nd period - Stopped by Jesper Wallstedt with a rebound.
13:00 of 2nd period - John Leonard is hit by Brendan Warren and loses puck.
13:05 of 2nd period - Shot by Mikhail Abramov.
13:05 of 2nd period - Stopped by Jesper Wallstedt without a rebound.
13:06 of 2nd period - Mackenzie Entwistle wins face-off versus Jack Finley in Wolfpack zone.
13:48 of 2nd period - Shot by Brendan Warren.
13:48 of 2nd period - Shot Misses the Net.
13:57 of 2nd period - Mackenzie Entwistle is hit by John Ludvig and loses puck.
14:06 of 2nd period - Shot by Mikhail Abramov.
14:06 of 2nd period - Shot Misses the Net.
14:08 of 2nd period - Shot by Bryce Kindopp.
14:08 of 2nd period - Stopped by Jesper Wallstedt without a rebound.
14:09 of 2nd period - Vasili Ponomarev wins face-off versus Jacob Peterson in Wolfpack zone.
14:09 of 2nd period - Vasili Ponomarev is hit by Fyodor Svechkov.
14:30 of 2nd period - Emil Bemstrom is hit by Jake Livingstone and loses puck.
14:37 of 2nd period - Shot by Drake Caggiula.
14:37 of 2nd period - Shot Blocked by Matt Donovan.
15:00 of 2nd period - Shot by Joel L'Esperance.
15:00 of 2nd period - Shot Misses the Net.
15:05 of 2nd period - Jack Finley is hit by Jacob MacDonald and loses puck.
15:14 of 2nd period - Shot by Joel L'Esperance.
15:14 of 2nd period - Stopped by Jesper Wallstedt without a rebound.
15:15 of 2nd period - Mikhail Abramov wins face-off versus Vasili Ponomarev in Wolfpack zone.
15:47 of 2nd period - Off-side.
15:48 of 2nd period - Jack Finley wins face-off versus Charles Hudon in neutral zone.
16:01 of 2nd period - Justin Sourdif is hit by John Leonard and loses puck.
16:12 of 2nd period - Icing by John Leonard.
16:13 of 2nd period - Jacob Peterson wins face-off versus Charles Hudon in Wolfpack zone.
16:13 of 2nd period - Jacob Peterson is hit by Colton White.
16:21 of 2nd period - Shot by Nicholas Robertson.
16:21 of 2nd period - Stopped by Jesper Wallstedt without a rebound.
16:22 of 2nd period - Mavrik Bourque wins face-off versus Mikhail Abramov in Wolfpack zone.
16:38 of 2nd period - Shot by Brendan Warren.
16:38 of 2nd period - Stopped by Jesper Wallstedt with a rebound.
16:40 of 2nd period - Shot by Artem Guryev.
16:40 of 2nd period - Shot Blocked by Josh Mahura.
16:42 of 2nd period - Shot by Mikhail Abramov.
16:42 of 2nd period - Goal by Mikhail Abramov - Griffins : 3 - Wolfpack : 1.
16:43 of 2nd period - Charles Hudon wins face-off versus Jacob Peterson in neutral zone.
16:45 of 2nd period - Will Butcher is hit by John Ludvig and loses puck.
16:49 of 2nd period - Minor Penalty to Justin Sourdif for Hooking.
16:50 of 2nd period - Fyodor Svechkov wins face-off versus Vasili Ponomarev in Griffins zone.
17:44 of 2nd period - Mavrik Bourque is hit by Jake Livingstone and loses puck.
17:57 of 2nd period - Shot by Nicolas Deslauriers.
17:57 of 2nd period - Stopped by Casey DeSmith without a rebound.
17:58 of 2nd period - Fyodor Svechkov wins face-off versus Vasili Ponomarev in Griffins zone.
Goals for this period are 1 for Griffins vs 0 for Wolfpack.
Shots for this period are 16 for Griffins vs 9 for Wolfpack.
3rd period
0:01 of 3rd period - Justin Sourdif wins face-off versus Vasili Ponomarev in neutral zone.
0:27 of 3rd period - Shot by Mavrik Bourque.
0:27 of 3rd period - Stopped by Casey DeSmith without a rebound.
0:28 of 3rd period - Mikhail Abramov wins face-off versus Charles Hudon in Griffins zone.
0:28 of 3rd period - Mikhail Abramov is hit by Cole Schneider.
0:36 of 3rd period - Shot by Jake Livingstone.
0:36 of 3rd period - Stopped by Jesper Wallstedt with a rebound.
0:40 of 3rd period - Shot by Brendan Warren.
0:40 of 3rd period - Deflect By Mikhail Abramov.
0:40 of 3rd period - Shot Blocked by Dillon Heatherington.
0:53 of 3rd period - Minor Penalty to Bryce Kindopp for Tripping.
0:54 of 3rd period - Mavrik Bourque wins face-off versus Fyodor Svechkov in Griffins zone.
1:05 of 3rd period - Shot by Mackenzie Entwistle.
1:05 of 3rd period - Stopped by Casey DeSmith without a rebound.
1:06 of 3rd period - Fyodor Svechkov wins face-off versus Vasili Ponomarev in Griffins zone.
1:06 of 3rd period - Fyodor Svechkov is hit by Drake Caggiula.
2:00 of 3rd period - Off-side.
2:01 of 3rd period - Mackenzie Entwistle wins face-off versus Mikhail Abramov in neutral zone.
2:06 of 3rd period - Shot by Mavrik Bourque.
2:06 of 3rd period - Shot Misses the Net.
2:08 of 3rd period - Shot by Will Butcher.
2:08 of 3rd period - Stopped by Casey DeSmith without a rebound.
2:09 of 3rd period - Jacob Peterson wins face-off versus Mavrik Bourque in Griffins zone.
2:34 of 3rd period - Shot by Nicolas Deslauriers.
2:34 of 3rd period - Shot Blocked by Nicholas Robertson.
2:36 of 3rd period - Shot by Will Butcher.
2:36 of 3rd period - Stopped by Casey DeSmith without a rebound.
2:37 of 3rd period - Vasili Ponomarev wins face-off versus Fyodor Svechkov in Griffins zone.
3:08 of 3rd period - Shot by Charles Hudon.
3:08 of 3rd period - Shot Blocked by Joel L'Esperance.
3:10 of 3rd period - Shot by Cole Schneider.
3:10 of 3rd period - Deflect By John Leonard.
3:10 of 3rd period - Shot Misses the Net.
3:12 of 3rd period - Shot by Drew Helleson.
3:12 of 3rd period - Shot Blocked by Eemil Viro.
3:14 of 3rd period - Shot by John Leonard.
3:14 of 3rd period - Stopped by Casey DeSmith without a rebound.
3:15 of 3rd period - Vasili Ponomarev wins face-off versus Mikhail Abramov in Griffins zone.
3:34 of 3rd period - Minor Penalty to Jacob MacDonald for Roughing.
3:35 of 3rd period - Jacob Peterson wins face-off versus Drake Caggiula in Wolfpack zone.
3:40 of 3rd period - Shot by Nicholas Robertson.
3:40 of 3rd period - Shot Blocked by Dillon Heatherington.
3:47 of 3rd period - Nicholas Robertson is hit by Dillon Heatherington and loses puck.
3:58 of 3rd period - Shot by Fyodor Svechkov.
3:58 of 3rd period - Deflect By Nicholas Robertson.
3:58 of 3rd period - Shot Misses the Net.
4:00 of 3rd period - Shot by Jake Livingstone.
4:00 of 3rd period - Stopped by Jesper Wallstedt without a rebound.
4:01 of 3rd period - Jack Finley wins face-off versus Drake Caggiula in Wolfpack zone.
4:06 of 3rd period - Shot by John Ludvig.
4:06 of 3rd period - Stopped by Jesper Wallstedt without a rebound.
4:07 of 3rd period - Jack Finley wins face-off versus Drake Caggiula in Wolfpack zone.
4:10 of 3rd period - Shot by John Ludvig.
4:10 of 3rd period - Stopped by Jesper Wallstedt with a rebound.
4:12 of 3rd period - Shot by John Ludvig.
4:12 of 3rd period - Shot Misses the Net.
5:19 of 3rd period - Shot by Jake Livingstone.
5:19 of 3rd period - Shot Misses the Net.
5:21 of 3rd period - Shot by Nicholas Robertson.
5:21 of 3rd period - Shot Misses the Net.
5:41 of 3rd period - Dillon Heatherington is hit by Brendan Warren and loses puck.
6:35 of 3rd period - Shot by Emil Bemstrom.
6:35 of 3rd period - Shot Misses the Net.
6:59 of 3rd period - Shot by Jack Finley.
6:59 of 3rd period - Stopped by Jesper Wallstedt with a rebound.
7:01 of 3rd period - Shot by John Ludvig.
7:01 of 3rd period - Stopped by Jesper Wallstedt with a rebound.
7:03 of 3rd period - Shot by Jack Finley.
7:03 of 3rd period - Stopped by Jesper Wallstedt without a rebound.
7:04 of 3rd period - Charles Hudon wins face-off versus Fyodor Svechkov in Wolfpack zone.
7:04 of 3rd period - Charles Hudon is hit by Jacob Peterson.
7:14 of 3rd period - Shot by Cole Schneider.
7:14 of 3rd period - Stopped by Casey DeSmith without a rebound.
7:15 of 3rd period - Jack Finley wins face-off versus Tyler Madden in Griffins zone.
7:38 of 3rd period - Shot by Jack Finley.
7:38 of 3rd period - Stopped by Jesper Wallstedt with a rebound.
7:40 of 3rd period - Shot by Justin Sourdif.
7:40 of 3rd period - Goal by Justin Sourdif - Griffins : 4 - Wolfpack : 1.
7:41 of 3rd period - Charles Hudon wins face-off versus Jacob Peterson in neutral zone.
7:44 of 3rd period - Shot by John Leonard.
7:44 of 3rd period - Stopped by Casey DeSmith without a rebound.
7:45 of 3rd period - Jacob Peterson wins face-off versus Charles Hudon in Griffins zone.
7:54 of 3rd period - Shot by Nicholas Robertson.
7:54 of 3rd period - Stopped by Jesper Wallstedt without a rebound.
7:55 of 3rd period - Jack Finley wins face-off versus Vasili Ponomarev in Wolfpack zone.
8:01 of 3rd period - Justin Sourdif is hit by Drew Helleson.
8:06 of 3rd period - Icing by Emil Bemstrom.
8:07 of 3rd period - Emil Bemstrom wins face-off versus Jacob Peterson in Wolfpack zone.
8:41 of 3rd period - Minor Penalty to Vasili Ponomarev for Tripping.
8:41 of 3rd period - Minor Penalty to Jake Livingstone for Hooking.
8:42 of 3rd period - Drake Caggiula wins face-off versus Fyodor Svechkov in Griffins zone.
9:55 of 3rd period - Icing by Dillon Heatherington.
9:56 of 3rd period - Emil Bemstrom wins face-off versus Justin Sourdif in Wolfpack zone.
10:28 of 3rd period - Shot by Tyler Madden.
10:28 of 3rd period - Stopped by Casey DeSmith without a rebound.
10:29 of 3rd period - Marc McLaughlin wins face-off versus Drake Caggiula in Griffins zone.
10:29 of 3rd period - Marc McLaughlin is hit by Mavrik Bourque.
10:53 of 3rd period - Shot by Brendan Warren.
10:53 of 3rd period - Shot Misses the Net.
11:16 of 3rd period - Shot by Charles Hudon.
11:16 of 3rd period - Stopped by Casey DeSmith with a rebound.
12:30 of 3rd period - Minor Penalty to Vasili Ponomarev for Tripping.
12:31 of 3rd period - Jacob Peterson wins face-off versus Drake Caggiula in Wolfpack zone.
14:09 of 3rd period - Shot by Jacob Peterson.
14:09 of 3rd period - Stopped by Jesper Wallstedt with a rebound.
14:11 of 3rd period - Shot by Jacob Peterson.
14:11 of 3rd period - Shot Blocked by Gage Quinney.
14:44 of 3rd period - Charles Hudon is hit by Artem Guryev and loses puck.
14:55 of 3rd period - Brendan Warren is hit by Charles Hudon and loses puck.
14:59 of 3rd period - Minor Penalty to Charles Hudon for Hooking.
15:00 of 3rd period - Jack Finley wins face-off versus Drake Caggiula in Wolfpack zone.
16:36 of 3rd period - Shot by John Ludvig.
16:36 of 3rd period - Stopped by Jesper Wallstedt without a rebound.
16:37 of 3rd period - Marc McLaughlin wins face-off versus Mackenzie Entwistle in Wolfpack zone.
17:11 of 3rd period - Shot by Cole Schneider.
17:11 of 3rd period - Shot Misses the Net.
17:13 of 3rd period - Shot by John Leonard.
17:13 of 3rd period - Shot Misses the Net.
17:15 of 3rd period - Shot by Drew Helleson.
17:15 of 3rd period - Stopped by Casey DeSmith without a rebound.
17:16 of 3rd period - Vasili Ponomarev wins face-off versus Mikhail Abramov in Griffins zone.
17:35 of 3rd period - Shot by Drake Caggiula.
17:35 of 3rd period - Stopped by Casey DeSmith without a rebound.
17:36 of 3rd period - Charles Hudon wins face-off versus Jack Finley in Griffins zone.
17:37 of 3rd period - Shot by John Leonard.
17:37 of 3rd period - Deflect By Charles Hudon.
17:37 of 3rd period - Shot Misses the Net.
17:41 of 3rd period - Shot by Cole Schneider.
17:41 of 3rd period - Goal by Cole Schneider - Griffins : 4 - Wolfpack : 2.
17:42 of 3rd period - Jacob Peterson wins face-off versus Mavrik Bourque in neutral zone.
17:47 of 3rd period - Shot by Fyodor Svechkov.
17:47 of 3rd period - Stopped by Jesper Wallstedt without a rebound.
17:48 of 3rd period - Jacob Peterson wins face-off versus Mavrik Bourque in Wolfpack zone.
18:08 of 3rd period - Mavrik Bourque is hit by Fyodor Svechkov.
18:23 of 3rd period - Off-side.
18:24 of 3rd period - Jack Finley wins face-off versus Vasili Ponomarev in neutral zone.
18:57 of 3rd period - Shot by Drake Caggiula.
18:57 of 3rd period - Shot Blocked by Matt Donovan.
18:59 of 3rd period - Shot by Jacob MacDonald.
18:59 of 3rd period - Stopped by Casey DeSmith with a rebound.
19:47 of 3rd period - Icing by Colton White.
19:48 of 3rd period - Charles Hudon wins face-off versus Jacob Peterson in Wolfpack zone.
Goals for this period are 1 for Griffins vs 1 for Wolfpack.
Shots for this period are 13 for Griffins vs 13 for Wolfpack.
Back to the Top